 Dungeon Crawl Stone Soup version 0.21.0-3-g78d12a8 (webtiles) character file.

6073 Mgcat the Geomancer (level 10, -8/61 HPs)
             Began as a Gargoyle Earth Elementalist on Jan 10, 2018.
             Was a Believer of Vehumet.
             Mangled by a death knight
             ... wielding a +3 battleaxe
              (25 damage)
             ... on level 9 of the Dungeon.
             The game lasted 00:35:24 (15035 turns).

Mgcat the Geomancer (Gargoyle Earth Elementalist)  Turns: 15035, Time: 00:35:25

Health: -8/61      AC:  9    Str: 12    XL:     10   Next: 87%
Magic:  21/21      EV: 18    Int: 19    God:    Vehumet [**....]
Gold:   558        SH:  0    Dex: 10    Spells: 13/24 levels left

rFire    . . .     SeeInvis +   K - +4 dire flail (freeze)
rCold    . . .     Gourm    .   (shield currently unavailable)
rNeg     + . .     Faith    .   c - +0 robe
rPois    ∞         Spirit   .   (no helmet)
rElec    +         Reflect  .   (no cloak)
rCorr    .         Harm     .   (no gloves)
MR       .....                  (no boots)
Stlth    ++........             s - amulet of rage
HPRegen  0.20/turn              j - ring of see invisible
MPRegen  0.17/turn              C - +4 ring of evasion

@: no status effects
A: negative energy resistance 1, electricity resistance, unbreathing,
petrification resistance, rot immunity, AC +7
a: Renounce Religion, Evoke Berserk Rage


You were on level 9 of the Dungeon.
You worshipped Vehumet.
Vehumet was pleased with you.
You were near starving.

You visited 2 branches of the dungeon, and saw 10 of its levels.

You collected 558 gold pieces.

Inventory:

Hand Weapons
 f - a +0 short sword
 m - a +0 mace
 o - a -3 hand axe
 r - a +3 mace
 K - a +4 dire flail of freezing (weapon)
Missiles
 u - 262 stones (quivered)
Armour
 c - a +0 robe (worn)
Magical Staves
 x - an uncursed staff of poison
 B - an uncursed staff of cold
Jewellery
 i - an uncursed ring of ice
 j - a ring of see invisible (left hand)
 s - an amulet of rage (around neck)
 y - an uncursed ring of resist corrosion
 C - a +4 ring of evasion (right hand)
Wands
 b - a wand of enslavement (20)
 t - a wand of paralysis (3)
 E - a wand of digging (9)
 H - a wand of disintegration (22)
Scrolls
 g - 6 scrolls of identify
 l - 11 scrolls of teleportation
 p - a scroll of noise {unknown}
 z - 2 scrolls of fog {unknown}
 D - a scroll of magic mapping
 F - a scroll of enchant weapon {unknown}
 G - a scroll of enchant armour {unknown}
 I - a scroll of amnesia {unknown}
 J - 2 scrolls of blinking
 N - 2 scrolls of remove curse
Potions
 a - 4 potions of heal wounds
 h - a potion of ambrosia {unknown}
 k - a potion of cancellation {unknown}
 n - 2 potions of curing {unknown}
 q - 2 potions of resistance {unknown}
 v - 3 potions of mutation {unknown}
 w - 2 potions of degeneration {unknown}
 L - a potion of agility {unknown}
Books
 e - a book of Geomancy

   Spells                             Type                      Level
   a - Sandblast                      Earth                        1
   b - Passwall                       Transmutation/Earth          2
   c - Stone Arrow                    Conjuration/Earth            3
   d - Petrify                        Transmutation/Earth          4
   e - Lee's Rapid Deconstruction     Earth                        5
 A - a book of Callings

   Spells                             Type                      Level
   a - Summon Small Mammal            Summoning                    1
   b - Call Imp                       Summoning                    2
   c - Call Canine Familiar           Summoning                    3
   d - Summon Guardian Golem          Hexes/Summoning              3
   e - Summon Lightning Spire         Summoning/Air                4
   f - Summon Ice Beast               Ice/Summoning                4
 M - a book of Maledictions

   Spells                             Type                      Level
   a - Corona                         Hexes                        1
   b - Ensorcelled Hibernation        Hexes/Ice                    2
   c - Confuse                        Hexes                        3
   d - Tukima's Dance                 Hexes                        3
   e - Dazzling Spray                 Conjuration/Hexes            3
Comestibles
 d - 16 rations


   Skills:
 + Level 6.9 Fighting
 + Level 5.5 Dodging
 - Level 2.1 Stealth
 + Level 7.7 Spellcasting
 + Level 6.8 Conjurations
   Level 0.7 Transmutations
 + Level 1.7 Fire Magic
 + Level 10.3 Earth Magic


You had 13 spell levels left.
You knew the following spells:

 Your Spells              Type           Power        Failure   Level  Hunger
a - Sandblast             Erth           #####.       1%          1    None
b - Stone Arrow           Conj/Erth      #####.       1%          3    #......
c - Lee's Rapid Deconstr  Erth           #####.....   3%          5    #####..
d - Throw Flame           Conj/Fire      ###...       2%          2    None


Dungeon Overview and Level Annotations

Branches:
Dungeon (9/15)             Temple (1/1) D:4             Orc (0/2) D:9
   Lair: D:8-11

Altars:
Ashenzari
Cheibriados
Fedhas
Gozag
Hepliaklqana
Makhleb
Nemelex Xobeh
Sif Muna
Trog
Uskayaw
Vehumet
Yredelemnul
Zin
The Shining One


Innate Abilities, Weirdness & Mutations

You are resistant to torment.
Your stone body is resilient. (AC +7)
You are immune to poison.
You resist negative energy. (rN+)
You are resistant to electric shocks. (rElec)
You can survive without breathing.
You are immune to petrification.
You are immune to rotting.


Message History

HP restored.
Done exploring.
You climb downwards.
The death knight offers itself to Yredelemnul, and fills with unholy energy.
There is a stone staircase leading up here.
You see here an arrow.
You hit the death knight but do no damage.
The death knight completely misses you.
You closely miss the death knight.
The death knight hits you with an enchanted battleaxe!
You hit the death knight. You freeze the death knight.
The death knight is lightly wounded.
The death knight reflects your damage back at you!
The death knight hits you with an enchanted battleaxe!!
Ouch! That really hurt!
* * * LOW HITPOINT WARNING * * *
There is a stone staircase leading up here.
You see here an arrow.
The death knight hits you with an enchanted battleaxe!!
You die...

###......# ..#......#...#.....
..##....## ..#......#...'.....
...'.8..# ..'......#...#.....
..##...## ..#....(.'...#.....
###...## ..#......#...#.....
....#############......#...#.....
#####.##...#...........#...#.....
..#...#....#...........#'###.....
..#...#....'....@....).#.. .....
..#...#....#....p......#..
..#...####'#...(..(....#..
..#...#.....).[).......#
..#...#.......)........#
..'...#)..((##'##......#
..#...'...([#...#......#
..#...#.....#...#......#
..#...#.....#...#......#


You could see a death knight.

Vanquished Creatures
  A two-headed ogre (D:9)
  The ghost of MTVSty1e the Carver, a novice HuBe of Trog (D:7)
  2 freezing wraiths (D:9)
  A wraith (D:9)
  A steam dragon (D:9)
  2 wargs (D:9)
  3 ice beasts
  2 sky beasts
  2 black bears (D:9)
  6 orc warriors
  3 ogres
  3 centaurs
  A big kobold (D:6)
  2 bullfrogs
  A gnoll sergeant (D:9)
  A wyvern zombie (D:7)
  2 scorpions
  6 wights (D:9)
  A howler monkey (D:6)
  A quasit (D:5)
  A bullfrog zombie (D:3)
  3 hounds
  2 centaur zombies
  4 crimson imps
  4 orc priests
  A centaur skeleton (D:7)
  4 jellies
  4 orc wizards
  Jessica (D:3)
  4 iguanas
  7 worker ants
  2 worker ant zombies
  6 gnolls
  9 adders
  2 shadow imps
  6 oozes
  2 adder skeletons
  3 adder zombies
  2 worms
  7 leopard geckos
  49 orcs
  3 ball pythons
  4 bats
  3 giant cockroaches
  8 goblins
  8 hobgoblins
  8 jackals
  5 quokkas
  9 frilled lizards
  10 kobolds
  2 leopard gecko zombies
  A quokka zombie (D:5)
  9 rats
235 creatures vanquished.

Notes
Turn   | Place    | Note
-------+----------+-------------------------------------------
     0 | D:1      | Mgcat the Gargoyle Earth Elementalist began the quest for the Orb.
     0 | D:1      | Reached XP level 1. HP: 10/10 MP: 3/3
   111 | D:1      | Reached XP level 2. HP: 1/15 MP: 3/5
   269 | D:1      | Reached skill level 4 in Earth Magic
   932 | D:1      | Reached XP level 3. HP: 19/19 MP: 6/6
  1796 | D:1      | Learned a level 3 spell: Stone Arrow
  2015 | D:2      | Reached XP level 4. HP: 24/24 MP: 6/8
  2933 | D:3      | Reached skill level 5 in Earth Magic
  3934 | D:3      | Reached XP level 5. HP: 24/28 MP: 10/10
  4054 | D:3      | Noticed Jessica
  4059 | D:3      | Killed Jessica
  4318 | D:4      | Reached skill level 6 in Earth Magic
  4320 | D:4      | Reached XP level 6. HP: 18/32 MP: 7/12
  4592 | D:4      | Found a staircase to the Ecumenical Temple.
  4609 | Temple   | Entered the Ecumenical Temple
  4652 | Temple   | Became a worshipper of Vehumet
  4804 | D:4      | Found a snail-covered altar of Cheibriados.
  5213 | D:5      | Entered Level 5 of the Dungeon
  5353 | D:5      | Noticed a sky beast
  5360 | D:5      | Killed a sky beast
  5466 | D:5      | Reached skill level 7 in Earth Magic
  5466 | D:5      | Reached XP level 7. HP: 30/36 MP: 4/14
  5752 | D:5      | Reached skill level 5 in Spellcasting
  5920 | D:5      | Reached skill level 1 in Fighting
  5920 | D:5      | Reached skill level 1 in Conjurations
  7104 | D:5      | Reached XP level 8. HP: 44/44 MP: 5/16
  7233 | D:5      | Reached * piety under Vehumet
  7233 | D:5      | Offered knowledge of Sting by Vehumet.
  7331 | D:5      | Found a shattered altar of Ashenzari.
  7334 | D:5      | Found a deep blue altar of Sif Muna.
  7337 | D:5      | Found a hazy altar of Hepliaklqana.
  7421 | D:6      | Learned a level 5 spell: Lee's Rapid Deconstruction
  7964 | D:6      | Reached skill level 8 in Earth Magic
  8416 | D:5      | Found a sparkling altar of Nemelex Xobeh.
  8416 | D:5      | Found a hide-covered altar of Uskayaw.
  8829 | D:6      | Reached XP level 9. HP: 52/52 MP: 5/18
  9312 | D:7      | Found a glowing silver altar of Zin.
  9547 | D:7      | Noticed MTVSty1e's ghost (novice HuBe)
  9582 | D:7      | Killed MTVSty1e's ghost
  9582 | D:7      | Reached skill level 9 in Earth Magic
  9893 | D:7      | Reached skill level 5 in Fighting
 10563 | D:7      | Reached skill level 5 in Conjurations
 11118 | D:8      | Offered knowledge of Magic Dart by Vehumet.
 11118 | D:8      | Reached ** piety under Vehumet
 12109 | D:8      | Reached XP level 10. HP: 60/60 MP: 9/20
 13019 | D:9      | Found a staircase to the Orcish Mines.
 13299 | D:9      | Reached skill level 5 in Dodging
 13559 | D:9      | Noticed a two-headed ogre
 13568 | D:9      | Killed a two-headed ogre
 13568 | D:9      | Reached skill level 10 in Earth Magic
 13597 | D:9      | Offered knowledge of Throw Flame by Vehumet.
 13601 | D:9      | Learned a level 2 spell: Throw Flame
 14416 | D:9      | Noticed a death knight
 14441 | D:9      | Reached skill level 1 in Fire Magic
 15035 | D:9      | Mangled by a death knight

Skill      XL: |  1  2  3  4  5  6  7  8  9 10 |
---------------+-------------------------------+-----
Earth Magic    | 4 5 6 7 8 9 10 | 10.3
Spellcasting   | 3 4 5 6 7 |  7.7
Fighting       | 2 4 5 6 |  6.9
Conjurations   | 2 3 5 6 |  6.8
Dodging        | 2 3 4 5 |  5.5
Fire Magic     | 1 |  1.7
Stealth        | |  2.1
Transmutations | |  0.7

Action                   |  1- 3 |  4- 6 |  7- 9 | 10-12 || total
-------------------------+-------+-------+-------+-------++-------
Melee: Short sword       |    80 |       |       |       ||    80
       Mace              |     7 |    91 |   157 |     5 ||   260
       Hand axe          |       |    99 |       |       ||    99
       Dire flail        |       |       |       |    15 ||    15
 Cast: Sandblast         |    20 |    33 |    15 |     3 ||    71
       Stone Arrow       |       |     9 |   122 |   104 ||   235
       Lee's Rapid Decon |       |       |     7 |       ||     7
  Use: Scroll            |       |     5 |     1 |       ||     6
 Stab: Sleeping          |     1 |     4 |     1 |       ||     6
  Eat: Chunk             |     4 |    10 |    18 |     9 ||    41
       Ration            |       |       |     3 |       ||     3
Armor: Robe              |    33 |    83 |    57 |    18 ||   191
Dodge: Dodged            |    55 |   149 |   167 |    44 ||   415
